 Dungeon Crawl Stone Soup version 0.29.1-12-g30fa7ad0bf (webtiles) character file.

Game seed: 11711639407305441377

124 Radix the Firebug (level 5, -2/32 HPs)
             Began as a Gargoyle Cinder Acolyte on Dec 17, 2022.
             Was a High Priest of Ignis.
             Killed by divine providence
             ... invoked by an orc priest
              (15 damage)
             ... on level 3 of the Dungeon.
             The game lasted 00:14:35 (3078 turns).

Radix the Firebug (Gargoyle Cinder Acolyte)         Turns: 3078, Time: 00:14:35

Health: -2/32      AC:  8    Str: 18    XL:     5   Next: 8%
Magic:  9/9        EV: 11    Int: 16    God:    Ignis [*****.]
Gold:   136        SH:  0    Dex:  5    Spells: 7/9 levels left

rFire   + . .      SeeInvis .   d - +7 glaive of Xolit {vorpal, rPois}
rCold   . . .      Faith    .   (shield currently unavailable)
rNeg    + . .      Spirit   .   e - +0 leather armour
rPois   ∞          Reflect  .   (no helmet)
rElec   +          Harm     .   g - +0 cloak
rCorr   .          Rampage  .   (no gloves)
Will    .....                   (no boots)
Stlth   +.........              (no amulet)
HPRegen 0.10/turn               (no ring)
MPRegen 0.11/turn               (no ring)

@: no status effects
A: sickness immunity, AC +4, negative energy resistance 1, electricity
resistance, torment resistance 1, petrification resistance
a: Renounce Religion, Fiery Armour, Foxfire Swarm, Rising Flame


You were on level 3 of the Dungeon.
You worshipped Ignis.
Ignis was extremely pleased with you.
You visited 1 branch of the dungeon, and saw 3 of its levels.

You collected 136 gold pieces.

Inventory:

Hand Weapons
 a - a -1 mace of flaming
 d - the +7 glaive of Xolit (weapon) {vorpal, rPois}
   (You acquired it on level 1 of the Dungeon)

   It inflicts extra damage upon your enemies.
   rPois:     It protects you from poison.
Armour
 b - a +0 robe
 e - a +0 leather armour (worn)
 g - a +0 cloak (worn)
Scrolls
 i - a scroll of blinking {unknown}
 m - a scroll of teleportation {unknown}
Potions
 f - a potion of degeneration {unknown}
 h - 2 potions of ambrosia {unknown}
 j - 2 potions of attraction {unknown}
 k - a potion of brilliance {unknown}
 l - a potion of might {unknown}


   Skills:
 - Level 3.2 Fighting
 - Level 3.7 Maces & Flails
 + Level 2.7 Spellcasting
 + Level 4.1 Fire Magic


You had 7 spell levels left.
You knew the following spells:

 Your Spells              Type           Power      Damage    Failure   Level
a - Scorch                Fire           30%        2d6       6%          2

Your spell library contained the following spells:

 Spells                   Type           Power      Damage    Failure   Level
 Blink                    Tloc           4%         N/A       34%         2
 Portal Projectile        Hex/Tloc       4%         N/A       56%         3
 Tukima's Dance           Hex            2%         N/A       56%         3
 Blade Hands              Tmut           1%         N/A       99%         5
 Manifold Assault         Tloc           2%         N/A       99%         5
 Storm Form               Tmut/Air       1%         N/A       100%        7


Dungeon Overview and Level Annotations

Branches:
Dungeon (3/15)

Altars:

Annotations:
D:3 Grinder


Innate Abilities, Weirdness & Mutations

You are immune to sickness and miasma.
Your stone body is resilient. (AC +4)
You are immune to poison.
You resist negative energy. (rN+)
You are resistant to electric shocks. (rElec)
You are resistant to unholy torment.
You are immune to petrification.


Message History

Ouch! That really hurt!
You closely miss something.
You hear some strange, mumbled words.
You are confused.
You bump into the rock wall.
Grinder zaps a wand.
Some rock shatters into small pieces.
You hear some strange, mumbled words.
Something tries to affect you, but you resist.
You miss something.
The orc priest mumbles some strange prayers to Beogh against you.
Beogh smites you!
* * * LOW HITPOINT WARNING * * *
Grinder blinks!
You feel better. The orc barely misses you.
You barely miss the orc.
You hear a zap.
Some rock shatters into small pieces.
The orc hits you but does no damage. x2
The orc hits you but does no damage. The orc attacks as you move away!
The orc hits you but does no damage.
You closely miss the orc.
You hear some strange, mumbled words.
A puff of flame appears from out of thin air!
The puff of flame hits you. You resist. The orc hits you but does no damage.
The orc attacks as you move away! The orc misses you.
An orc is nearby!
An orc is nearby!
An orc is nearby!
An orc is nearby!
An orc is nearby!
An orc is nearby!
An orc is nearby!
You hear some strange, mumbled words.
A puff of flame appears from out of thin air!
The puff of flame misses you.
You hear some strange, mumbled words.
Something tries to affect you, but you resist.
Grinder blinks!
The orc priest mumbles some strange prayers to Beogh against you.
Beogh smites you!
You die...

##........#.# #..#.#.##.#
#...#.##.# #..#.##.###
##........# #........
#....#o#######
############.###.........
.......)@....####.....###
##########...o.o...##.#
#.#.####### # #...# #.#.#
#.#.# #.#.# ..#.#
#.#.#####


You could see an orc priest and an orc.

Vanquished Creatures
  3 gnolls (D:2)
  3 adders
  A worm (D:2)
  3 dart slugs (D:1)
  5 orcs
  5 endoplasms
  A giant cockroach (D:2)
  5 goblins
  A hobgoblin (D:3)
  5 jackals
  A quokka (D:1)
  4 ball pythons (D:2)
  6 bats
  2 frilled lizards
  5 kobolds
  3 rats
53 creatures vanquished.

Vanquished Creatures (others)
  12 foxfires (D:2)
12 creatures vanquished.

Grand Total: 65 creatures vanquished

Notes
Turn   | Place    | Note
-------+----------+-------------------------------------------
     0 | D:1      | Radix the Gargoyle Cinder Acolyte began the quest for the
                  | Orb.
     0 | D:1      | Reached XP level 1. HP: 14/14 MP: 2/2
   447 | D:1      | Reached XP level 2. HP: 19/19 MP: 3/3
   456 | D:1      | Learned a level 2 spell: Scorch
  1121 | D:1      | Reached XP level 3. HP: 21/23 MP: 2/5
  1983 | D:1      | Identified a scroll of acquirement
  1983 | D:1      | Acquired the +7 glaive of Xolit {vorpal, rPois}
  2043 | D:2      | Reached XP level 4. HP: 28/28 MP: 5/7
  2176 | D:2      | Found a faded altar of an unknown god.
  2663 | D:2      | Reached skill level 4 in Fire Magic
  2859 | D:3      | Reached XP level 5. HP: 27/32 MP: 8/8
  3041 | D:3      | Noticed Grinder
  3052 | D:3      | Paralysed by Grinder for 3 turns
  3078 | D:3      | Killed from afar by an orc priest

Illustrated notes

Levels and vault maps discovered:
D:1:      dpeg_arrival_brainrot, layout_basic, minmay_misc_feat_hallway,
          roderic_roman_lattice
D:2:      layout_basic, ebering_ecumenical_altar_hall
D:3:      layout_loops_ring, uniq_grinder, uniq_sigmund

Skill      XL: |  1  2  3  4 |
---------------+-------------+-----
Spellcasting   | 2 |  2.7
Fire Magic     | 4 |  4.1
Fighting       | |  3.2
Maces & Flails | |  3.7

Action                   |  1- 3 |  4- 6 || total
-------------------------+-------+-------++-------
Melee: Mace              |    48 |       ||    48
       Glaive            |     3 |    57 ||    60
 Cast: Scorch            |     3 |       ||     3
Invok: Foxfire Swarm     |     2 |       ||     2
  Use: Scroll            |     6 |       ||     6
       Potion            |       |     1 ||     1
Armor: Leather armour    |    17 |    40 ||    57
Dodge: Dodged            |    33 |    48 ||    81
